 Dungeon Sprint DCSS version 0.31-a0-1309-gbf3fed316f (webtiles) character file.

Game seed: 17555268214603509219

1610 Conn the Arsonist (level 8, -4/52 HPs)
             Began as an Octopode Fire Elementalist on Dec 20, 2023.
             Was a Believer of Sif Muna.
             Shot with a bolt by a yaktaur (13 damage)
             ... in the Dungeon (Sprint II: "The Violet Keep of Menkaure").
             The game lasted 00:08:14 (943 turns).

Conn the Arsonist (Octopode Fire Elementalist)       Turns: 943, Time: 00:08:14

Health: -4/52      AC:  1    Str:  7    XL:     8   Next: 95%
Magic:  9/20       EV: 14    Int: 19    God:    Sif Muna [**....]
Gold:   605        SH:  0    Dex: 13    Spells: 10/23 levels left

rFire   . .          .
                       - Unarmed
rCold   . . .        (no shield)
rNeg    . . .        (helmet restricted)
rPois   .            (no amulet)
rElec   .            i - ring of wizardry
rCorr   .            (no ring)
SInv    .            (no ring)
Will    .....        (no ring)
Stlth   +++++        (no ring)
HPRegen 0.28/turn    (no ring)
MPRegen 0.17/turn    (no ring)
                     (no ring)

%: no teleportation, wizardry (x1)
@: no status effects
A: almost no armour, amphibious, 8 rings, camouflage 1, gelatinous body 1,
nimble swimmer 1, tentacles
a: Renounce Religion, Channel Magic


You were in the Dungeon.
You worshipped Sif Muna.
Sif Muna was pleased with you.
You visited 1 branch You collected 605 gold pieces.

Inventory:

Missiles
 q - 4 poisoned darts
Jewellery
 i - a ring of wizardry (left tentacle)
Scrolls
 g - 2 scrolls of fear
 j - 2 scrolls of fog
 k - a scroll of enchant armour
 n - a scroll of revelation
 o - a scroll of immolation
Potions
 a - 5 potions of magic
 b - 4 potions of curing
 c - a potion of heal wounds
 e - 2 potions of lignification
 h - a potion of cancellation
 l - a potion of haste
 m - 3 potions of resistance
 p - 2 potions of enlightenment


   Skills:
 + Level 3.5 Fighting
 + Level 4.9 Dodging
 + Level 7.3 Stealth
 - Level 2.0 Unarmed Combat
 + Level 8.4 Spellcasting
 * Level 7.9 Conjurations
 * Level 5.2 Hexes
 + Level 0.9 Translocations
 + Level 11.5 Fire Magic
 * Level 5.0 Invocations


You had 10 spell levels left.
You knew the following spells:

 Your Spells              Type           Power      Damage    Failure   Level
a - Foxfire               Conj/Fire      100%       2x1d9     1%          1
b - Scorch                Fire           100%       2d9       1%          2
c - Inner Flame           Hex/Fire       39%        N/A       1%          3
d - Flame Wave            Conj/Fire      45%        2d12      1%          4
e - Volatile Blastmotes   Fire/Tloc      62%        2d15      1%          3

Your spell library contained the following spells:

 Spells                   Type           Power      Damage    Failure   Level
 Cigotuvi's Dreadful Rot  Necr/Pois/Air  14%        N/A       5%          2
 Dispel Undead            Necr           7%         3d8       32%         4
 Death Channel            Necr           3%         N/A       99%         6


Dungeon Overview and Level Annotations

Branches:
Dungeon (1/1)

Altars:
Cheibriados
Dithmenos
Elyvilon
Fedhas
Gozag
Hepliaklqana
Kikubaaqudgha
Makhleb
Nemelex Xobeh
Okawaru
Qazlal
Ru
Sif Muna
Trog
Uskayaw
Vehumet
Wu Jian
Xom
Yredelemnul
Zin
The Shining One
Jiyva
Lugonu

Annotations:
D exclusion: ice statue, Menkaure


Innate Abilities, Weirdness & Mutations

You cannot wear most types of armour.
You are amphibious.
You can wear up to eight rings at the same time.
Your skin changes colour to match your surroundings (Stealth+).
Your rubbery body absorbs attacks. (AC +1, EV +1)
You are camouflaged when in or above water. (Stealth+)
You have tentacles for arms and can constrict up to eight enemies at once.


Message History

You conjure some foxfire!
The polar bear bites you! The polar bear barely misses you.
The polar bear misses you. The polar bear bites you. The polar bear claws you.
The polar bear barely misses you.
The polar bear is engulfed in blazing flames.
The foxfire hits the polar bear but does no damage.
The polar bear is almost dead.
The foxfire hits the polar bear.
The polar bear is almost dead.
The polar bear attacks as it pursues you!
The polar bear barely misses you. The polar bear claws you.
* * * LOW HITPOINT WARNING * * *
The polar bear claws you.
* * * LOW HITPOINT WARNING * * *
The polar bear is engulfed in a cloud of scalding steam.
The polar bear goes berserk!
Press: ? - help, v - describe, . - travel
Here: a polar bear (grey smoke, severely wounded, berserk, inner flame) Some shallow water.
Unknown command.
Unknown command.
Unknown command.
Blink to where?
Press: ? - help, Dir - move target, p - polar bear Floosh!
As you read the scroll of blinking, it crumbles to dust.
The polar bear is engulfed in a cloud of scalding steam.
Flame seeps out of the polar bear.
The yaktaur is engulfed in a cloud of scalding steam.
Casting: Foxfire (safe; 1% risk of failure)
Confirm with . or Enter, or press ? or * to list all spells.
Flames lash the polar bear.
Sif Muna accepts your kill.
The polar bear explodes!
The fiery explosion engulfs the polar bear!!!
The polar bear is burned terribly!
You kill the polar bear!
Sif Muna accepts your kill.
The yaktaur wields a +0 arbalest.
The yaktaur shoots a bolt.
The bolt hits you!
You die...

..# h#▓...().([▓▓
^.##.#▓.)...(.[▓▓
#...##▓▓▓▓▓▓▓'▓▓▓▓+▓
~~~~~~~~~~~§§...X≈≈▓
~#'########§###.≈≈≈▓
~#.._.....#§c§##≈≈≈▓
~#._._....#§§§§####▓▓
~#_._._...#§§§§≈##..#
~#._._._..#~§§§≈@#..#
~#_._._._.#~§§§~≈[..+
≈#._._._._#~~§§§§#..#
§#_._._._.#~§≈§§§▓..#
§#..._._._#~§§§▓▓▓▓▓▓▓
§##########~§≈§▓...≈≈≈
##~~~~~~~~~≈≈≈≈▓.z.≈≈≈
##~########≈▓▓▓▓▓▓▓▓▓≈
##~# #▓▓


You could see a yaktaur.

Vanquished Creatures
  2 deep trolls (D)
  2 polar bears (D)
  4 crocodiles (D)
  4 scorpions (D)
  An electric eel (D)
13 creatures vanquished.

Vanquished Creatures (others)
  86 foxfires (D)
  4 tentacles (D)
90 creatures vanquished.

Grand Total: 103 creatures vanquished

Notes
Turn   | Place    | Note
-------+----------+-------------------------------------------
     0 | D        | Conn the Octopode Fire Elementalist began the quest for the
                  | Orb.
     0 | D        | Reached XP level 1. HP: 11/11 MP: 3/3
     4 | D        | Noticed a merfolk siren
     7 | D        | Noticed a boulder beetle
     7 | D        | Noticed a boulder beetle
    10 | D        | Noticed a scorpion
    10 | D        | Noticed a scorpion
    17 | D        | Killed a scorpion
    18 | D        | Reached skill level 5 in Fire Magic
    18 | D        | Reached XP level 2. HP: 16/20 MP: 3/6
    18 | D        | Reached XP level 3. HP: 20/25 MP: 3/7
    18 | D        | Reached XP level 4. HP: 24/30 MP: 3/8
    19 | D        | Killed a scorpion
    20 | D        | Reached skill level 6 in Fire Magic
    26 | D        | Learned a level 2 spell: Scorch
    30 | D        | Learned a level 3 spell: Inner Flame
    35 | D        | Learned a level 4 spell: Flame Wave
    43 | D        | Noticed a scorpion
    43 | D        | Noticed a scorpion
    50 | D        | Killed a scorpion
    51 | D        | Reached skill level 1 in Unarmed Combat
    51 | D        | Reached skill level 7 in Fire Magic
    51 | D        | Reached XP level 5. HP: 22/36 MP: 0/11
    57 | D        | Reached skill level 5 in Stealth
    57 | D        | Reached skill level 8 in Fire Magic
    57 | D        | Reached XP level 6. HP: 23/42 MP: 0/12
    61 | D        | Learned a level 3 spell: Volatile Blastmotes
    71 | D        | Noticed an ice statue
    73 | D        | Noticed Menkaure
    82 | D        | Found a stormy altar of Qazlal.
    83 | D        | Found a hazy altar of Hepliaklqana.
    83 | D        | Found a sacrificial altar of Ru.
    83 | D        | Found an ornate altar of the Wu Jian Council.
    84 | D        | Found a viscous altar of Jiyva.
    84 | D        | Found a shimmering blue altar of Sif Muna.
    84 | D        | Found a shimmering altar of Xom.
    85 | D        | Found a snail-covered altar of Cheibriados.
    85 | D        | Found an ancient bone altar of Kikubaaqudgha.
    85 | D        | Found a bloodstained altar of Trog.
    86 | D        | Found a shadowy altar of Dithmenos.
    86 | D        | Found a corrupted altar of Lugonu.
    87 | D        | Found a white marble altar of Elyvilon.
    87 | D        | Found a burning altar of Makhleb.
    88 | D        | Found a blossoming altar of Fedhas.
    92 | D        | Reached skill level 5 in Conjurations
    92 | D        | Found an opulent altar of Gozag.
    92 | D        | Found a glowing golden altar of the Shining One.
    92 | D        | Found a basalt altar of Yredelemnul.
    92 | D        | Found a hide-covered altar of Uskayaw.
    92 | D        | Found a sparkling altar of Nemelex Xobeh.
    93 | D        | Found a glowing silver altar of Zin.
    93 | D        | Found a radiant altar of Vehumet.
    93 | D        | Found an iron altar of Okawaru.
    99 | D        | Became a worshipper of Sif Muna the Loreminder
   113 | D        | Noticed a kraken
   381 | D        | Reached skill level 5 in Spellcasting
   381 | D        | Reached skill level 9 in Fire Magic
   384 | D        | Reached XP level 7. HP: 42/46 MP: 2/15
   395 | D        | Reached * piety under Sif Muna
   396 | D        | Reached skill level 1 in Hexes
   396 | D        | Reached skill level 1 in Invocations
   406 | D        | Noticed a flying skull
   410 | D        | Noticed a deep troll
   410 | D        | Noticed a deep troll
   413 | D        | Noticed a flying skull
   413 | D        | Noticed a flying skull
   413 | D        | Noticed a flying skull
   413 | D        | Noticed a flying skull
   414 | D        | Noticed a flying skull
   432 | D        | Killed a deep troll
   433 | D        | Reached skill level 10 in Fire Magic
   433 | D        | Reached XP level 8. HP: 29/52 MP: 6/19
   437 | D        | Killed a deep troll
   438 | D        | Reached skill level 5 in Hexes
   438 | D        | Reached skill level 11 in Fire Magic
   738 | D        | Reached ** piety under Sif Muna
   739 | D        | Reached skill level 5 in Invocations
   924 | D        | Noticed a yaktaur
   924 | D        | Noticed a hornet
   924 | D        | Noticed a polar bear
   925 | D        | Noticed a polar bear
   943 | D        | Killed a polar bear
   943 | D        | Killed a polar bear
   943 | D        | Shot with a bolt by a yaktaur

Illustrated notes

Levels and vault maps discovered:
D:        the_violet_keep_of_menkaure [sprint2_stairs_cluster_1,
          sprint2_shoproom, sprint2_temple, sprint2_basic_supplies,
          sprint2_obstacle_5, sprint2_obstacle_7, sprint2_obstacle_2,
          sprint2_obstacle_3, sprint2_obstacle_6, sprint2_timed_cluster_1,
          sprint2_smallroom_cluster_1, sprint2_smallroom_final_cluster_1,
          sprint2_transparent_cluster_1, sprint2_second_timed_cluster_1,
          sprint2_sniper_area_1, sprint2_heavy_combat_area_1,
          sprint2_mutation_trap_area_1, sprint2_forest_area_1,
          sprint2_light_combat_area_1, sprint2_behind_water_1,
          sprint2_near_end_vault_1]

Skill      XL: |  1  2  3  4  5  6  7  8 |
---------------+-------------------------+-----
Fighting       | 2 3 |  3.5
Dodging        | 3 4 |  4.9
Stealth        | 3 4 5 6 7 |  7.3
Spellcasting   | 3 4 5 7 8 |  8.4
Conjurations   | 2 4 6 7 |  7.9
Fire Magic     | 5 7 8 9 10 11 | 11.5
Unarmed Combat | 1 2 |  2.0
Hexes          | 3 5 |  5.2
Invocations    | 3 5 |  5.0
Translocations | |  0.9

Action                     |  1- 3 |  4- 6 |  7- 9 || total
---------------------------+-------+-------+-------++-------
  Melee: Unarmed           |     3 |     8 |     5 ||    16
         Tentacles         |     1 |     3 |     1 ||     5
         Constrict         |     1 |     2 |       ||     3
   Cast: Foxfire           |     1 |     2 |    59 ||    62
         Scorch            |       |     7 |    15 ||    22
         Volatile Blastmot |       |     1 |       ||     1
         Inner Flame       |       |       |     4 ||     4
 Invoke: Channel Magic     |       |       |     1 ||     1
    Use: Potion            |     2 |     1 |     1 ||     4
         Scroll            |       |     8 |     1 ||     9
 Armour: Skin              |     1 |     4 |    16 ||    21
  Dodge: Dodged            |       |     6 |    13 ||    19

Table legend: (Time is in decaauts)
 A = Elapsed time spent in this place.
 B = Non-inter-level travel time spent in this place.
 C = Inter-level travel time spent in this place.
 D = Time resting spent in this place.
 E = Time spent auto-exploring this place.
 F = Levels seen in this place.
 G = Mean time per level.
                   A        B        C        D        E       F      G
               +--------+--------+--------+--------+--------+-----+--------+
         Total |    931 |    931 |      0 |    297 |      0 |   1 |  931.0 |
       Dungeon |    931 |    931 |      0 |    297 |      0 |   1 |  931.0 |
               +--------+--------+--------+--------+--------+-----+--------+

Top non-repeatable levels by time:
       D: 931 daAuts
